 Dungeon Crawl Stone Soup version 0.29.1-2-gbd0b4ee654 (webtiles) character file.

Game seed: 16940962341675377411

539 fleeber the Magician (level 7, -31/36 HPs)
             Began as a Deep Elf Conjurer on Nov 6, 2022.
             Annihilated by an ogre
             ... wielding a +0 giant spiked club
              (35 damage)
             ... on level 4 of the Dungeon.
             The game lasted 00:26:17 (5381 turns).

fleeber the Magician (Deep Elf Conjurer)            Turns: 5381, Time: 00:26:17

Health: -31/36     AC:  3    Str:  4    XL:     7   Next: 5%
Magic:  11/20      EV: 12    Int: 25    God:
Gold:   243        SH:  0    Dex: 13    Spells: 14/21 levels left

rFire   . . .      SeeInvis .   j - +3 dagger
rCold   . . .      Faith    .   (no shield)
rNeg    . . .      Spirit   .   a - +1 robe
rPois   .          Reflect  .   (no helmet)
rElec   .          Harm     .   (no cloak)
rCorr   .          Rampage  .   (no gloves)
Will    +....                   (no boots)
Stlth   ++........              (no amulet)
HPRegen 0.12/turn               n - ring of wizardry
MPRegen 0.17/turn               o - ring of willpower

@: no status effects
A: no striking features
a: no special abilities


You were on level 4 of the Dungeon.
You visited 1 branch of the dungeon, and saw 5 of its levels.

You collected 243 gold pieces.

Inventory:

Hand Weapons
 j - a +3 dagger (weapon)
Missiles
 p - 2 throwing nets
Armour
 a - a +1 robe (worn)
Jewellery
 n - a ring of wizardry (left hand)
 o - a ring of willpower (right hand)
Scrolls
 c - a scroll of amnesia
 d - 3 scrolls of enchant armour
 f - a scroll of poison
 k - a scroll of silence {unknown}
 l - 2 scrolls of immolation
 q - a scroll of fear {unknown}
Potions
 b - a potion of magic
 e - 2 potions of might {unknown}
 g - a potion of heal wounds {unknown}
 h - a potion of berserk rage {unknown}
 i - a potion of attraction {unknown}
 m - 3 potions of flight {unknown}


   Skills:
 - Level 2.4 Dodging
 - Level 2.4 Stealth
 + Level 7.5 Spellcasting
 + Level 7.3 Conjurations


You had 14 spell levels left.
You knew the following spells:

 Your Spells              Type           Power      Damage    Failure   Level
a - Magic Dart            Conj           100%       1d8       1%          1
b - Searing Ray           Conj           92%        2d7       1%          2
c - Iskenderun's Mystic   Conj/Tloc      27%        2d7       6%          4

Your spell library contained the following spells:

 Spells                   Type           Power      Damage    Failure   Level
 Dazzling Flash           Conj/Hex       54%        N/A       1%          3
 Apportation              Tloc           18%        N/A       2%          1
 Necrotise                Necr           36%        1d5       2%          1
 Sting                    Tmut/Pois      36%        1d4       2%          1
 Summon Small Mammal      Summ           36%        N/A       2%          1
 Poisonous Vapours        Pois/Air       18%        N/A       4%          2
 Fulminant Prism          Conj/Hex       13%        3d9       6%          4
 Olgreb's Toxic Radiance  Pois           9%         N/A       26%         4


Dungeon Overview and Level Annotations

Branches:
Dungeon (5/15)
 Temple: D:4-7

Altars:
Cheibriados
Kikubaaqudgha
Okawaru
Uskayaw
Wu Jian


Message History

Casting: Magic Dart (safe; 1% risk of failure)
Confirm with . or Enter, or press ? or * to list all spells.
Aiming: Magic Dart (safe; 1% risk of failure)
Press: ? - help, Shift-Dir - straight line, f/p - orc priest
Aim: an orc priest, wielding a +0 club (moderately wounded, 100% to hit)
The magic dart hits the orc priest.
The orc priest is lightly wounded.
The orc priest mumbles some strange prayers to Beogh against you.
Beogh smites you!
The orc priest invokes the aid of Beogh against you.
Beogh smites you!
* * * LOW HITPOINT WARNING * * *
There is a stone staircase leading up here.
The orc priest casts a cantrip, but nothing happens.
You climb upwards.
The ogre hits you with a +0 giant spiked club.
* * * LOW HITPOINT WARNING * * *
The orc barely misses you.
There is a stone staircase leading down, spattered with blood here.
Casting: Magic Dart (safe; 1% risk of failure)
Confirm with . or Enter, or press ? or * to list all spells.
The spell is quite dangerous to miscast (6% risk of failure)!
Continue anyway?
You erupt in a blast of force!
The mystic blast hits the ogre.
The ogre is moderately wounded.
The ogre is knocked back by the mystic blast.
The ogre slams into the rock wall!
The ogre is moderately wounded.
The mystic blast hits the orc.
The orc is heavily wounded.
The orc is knocked back by the mystic blast.
Casting: Iskenderun's Mystic Blast (quite dangerous; 6% risk of failure)
Confirm with . or Enter, or press ? or * to list all spells.
The spell is quite dangerous to miscast (6% risk of failure)!
Continue anyway?
You erupt in a blast of force!
The mystic blast hits the ogre!
The ogre is severely wounded.
The mystic blast hits the orc.
You kill the orc!
The ogre hits you with a +0 giant spiked club!!
Ouch! That really hurt!
You die...

.....##.##
#..'..........#
.....##..##
#.##...##.###...
.....###..###.##...#..#
.. ######
##...#.##...#..# .
###o#.##...'..#
#.#.##...##.#
#.#.........# #
#.....#)### # #####.@O#
# #...# # #..## # #...
# #.### # ... ... ###


You could see an ogre.

Vanquished Creatures
  Menkaure (D:5)
  A necrophage (D:5)
  A scorpion (D:5)
  A hound (D:5)
  2 orc wizards (D:5)
  7 gnolls
  2 adders
  2 shadow imps (D:5)
  3 ufetubi
  A worm (D:5)
  2 dart slugs (D:2)
  15 orcs
  9 bats
  3 endoplasms
  2 giant cockroaches
  4 goblins (D:1)
  7 hobgoblins
  15 kobolds
  3 quokkas
  11 ball pythons
  3 frilled lizards
  5 rats
100 creatures vanquished.

Notes
Turn   | Place    | Note
-------+----------+-------------------------------------------
     0 | D:1      | fleeber the Deep Elf Conjurer began the quest for the Orb.
     0 | D:1      | Reached XP level 1. HP: 10/10 MP: 6/6
   215 | D:1      | Reached XP level 2. HP: 15/15 MP: 5/8
   351 | D:1      | Learned a level 2 spell: Searing Ray
   359 | D:1      | Found a faded altar of an unknown god.
   740 | D:1      | Reached XP level 3. HP: 19/19 MP: 1/10
   744 | D:1      | Reached skill level 5 in Conjurations
   941 | D:2      | Found an ancient bone altar of Kikubaaqudgha.
  1578 | D:2      | Reached XP level 4. HP: 24/24 MP: 8/12
  1955 | D:2      | Reached skill level 5 in Spellcasting
  2242 | D:3      | Learned a level 4 spell: Iskenderun's Mystic Blast
  2431 | D:3      | Found a snail-covered altar of Cheibriados.
  2431 | D:3      | Found an ancient bone altar of Kikubaaqudgha.
  2607 | D:3      | Found a faded altar of an unknown god.
  2612 | D:3      | Found an ornate altar of the Wu Jian Council.
  2809 | D:3      | Reached XP level 5. HP: 28/28 MP: 8/14
  2950 | D:3      | Found a hide-covered altar of Uskayaw.
  3368 | D:4      | Noticed a phantom
  3690 | D:4      | Noticed an ogre
  3911 | D:5      | Entered Level 5 of the Dungeon
  4102 | D:5      | Identified the +2 scale mail of Compression {rN+}
  4370 | D:5      | Noticed Menkaure
  4700 | D:5      | Reached XP level 6. HP: 32/32 MP: 15/17
  5135 | D:5      | Found an iron altar of Okawaru.
  5275 | D:5      | Killed Menkaure
  5276 | D:5      | Reached XP level 7. HP: 36/36 MP: 14/20
  5381 | D:4      | Annihilated by an ogre

Illustrated notes

Levels and vault maps discovered:
D:1:      wander_arrival_abandoned_jail, layout_rooms,
          hellmonk_ecumenical_altar_run_dry, minmay_tall_x
D:2:      layout_basic, basic_altar
D:3:      layout_basic, nicolae_overflow_ecumenical_swirl,
          mainiacjoe_overflow_alcove_2, mainiacjoe_overflow_divided_tiny,
          kennysheep_another_room
D:4:      layout_basic
D:5:      layout_loops_corners, okawaru_gym_becter, uniq_menkaure

Skill      XL: |  1  2  3  4  5  6 |
---------------+-------------------+-----
Spellcasting   | 4 5 6 7 |  7.5
Conjurations   | 5 6 7 |  7.3
Dodging        | |  2.4
Stealth        | |  2.4

Action                   |  1- 3 |  4- 6 |  7- 9 || total
-------------------------+-------+-------+-------++-------
Melee: Dagger            |     3 |     3 |       ||     6
 Cast: Magic Dart        |    81 |   143 |     2 ||   226
       Searing Ray       |       |     4 |       ||     4
       Iskenderun's Myst |       |     3 |     2 ||     5
  Use: Scroll            |       |     4 |       ||     4
Armor: Robe              |     2 |     3 |       ||     5
Dodge: Dodged            |     6 |    18 |     1 ||    25
